AoeStats
← Yousnake

MegaRandom

509965473Analyzed
3v3 RM · 2d ago on Sep 28, 2026· 69m 20s· 6 players
Game mode
Random Map
Map size
Normal (6 player)
Population
200
Speed
Normal
Resources
Standard
Victory
Conquest
Starting age
Dark Age
Ending age
Imperial Age
RankedLock teamsTeams togetherTeam positionsShared explorationLock speedFull tech treeHidden civsTurbo modeCheats
Victory
Defeat
🇲🇦 Franks · Morocco
761
+7
🇫🇷 Inca · France
760
+7
🇲🇦 Bohemians · Morocco
749
+7
🇺🇸 Celts · United States
576
-8
🇬🇧 Cumans · United Kingdom
558
-7
🇩🇰 Persians · Denmark
479
-6
MultiFrugtJuice
11:34 Feudal Age
12:45 Wheelbarrow
11:54 Horse Collar
12:04 Double-Bit Axe
12:25 Gold Mining
21:45 Castle Age
21:28 Stone Mining
22:28 Hand Cart
24:07 Stone Shaft Mining
25:13 Gold Shaft Mining
24:44 Heavy Plow
24:58 Light Cavalry
52:58 Crossbowman
53:01 Man-at-Arms
64:43 Imperial Age
HendoE
12:11 Feudal Age
14:03 Wheelbarrow
13:28 Double-Bit Axe
14:21 Fishing Lines
20:40 Padded Archer Armor
20:51 Forging
20:07 Man-at-Arms
26:21 Castle Age
26:27 Pikeman
28:25 Hand Cart
29:38 Gillnets
29:58 Fletching
30:18 Gold Mining
33:15 Iron Casting
32:40 Scale Mail Armor
32:56 Leather Archer Armor
35:04 Bow Saw
35:46 Medium Warships
35:01 Demolition Ship
35:26 Horse Collar
36:25 Gold Shaft Mining
38:39 Heavy Plow
39:35 Capped Ram
47:05 Chain Mail Armor
46:56 Scale Barding Armor
51:47 Chain Barding Armor
61:11 Squires
68:00 Arson
K1NGlogman
8:10 Loom
11:32 Feudal Age
15:03 Scale Mail Armor
15:14 Forging
16:37 Double-Bit Axe
18:56 Horse Collar
19:31 Fishing Lines
24:00 Castle Age
24:56 Man-at-Arms
26:50 Stone Mining
27:19 Gold Mining
27:42 Bow Saw
30:53 Wheelbarrow
31:27 Stone Shaft Mining
31:36 Caravan
32:25 Pikeman
40:59 Imperial Age
41:30 Halberdier
41:38 Capped Ram
45:19 Chain Mail Armor
45:39 Iron Casting
47:30 Onager
47:31 Siege Ram
51:51 Arson
55:48 Furor Celtica
56:02 Conscription
56:45 Plate Mail Armor
57:15 Blast Furnace
GLORY MUSTAF
4:09 Loom
10:54 Feudal Age
11:42 Double-Bit Axe
21:58 Castle Age
23:51 Bow Saw
25:47 Gold Mining
28:35 Wheelbarrow
27:45 Town Watch
30:11 Scale Mail Armor
30:22 Forging
31:05 Husbandry
30:26 Light Cavalry
32:35 Ordonnance Companies
33:39 Scale Barding Armor
35:20 Squires
34:41 Pikeman
35:53 Arson
37:06 Chain Barding Armor
36:59 Man-at-Arms
41:56 Gambesons
42:17 Long Swordsman
48:06 Caravan
51:27 Coinage
52:59 Chain Mail Armor
55:31 Iron Casting
59:02 Imperial Age
59:13 Cavalier
62:23 Halberdier
64:26 Banking
65:07 Two-Handed Swordsman
Yousnake
11:42 Feudal Age
9:58 Loom
18:43 Castle Age
17:16 Double-Bit Axe
17:16 Horse Collar
17:30 Gold Mining
17:22 Champi Runner
19:53 Forging
22:01 Wheelbarrow
22:02 Champi Warrior
23:58 Bow Saw
24:14 Fletching
26:18 Scale Mail Armor
28:23 Squires
27:50 Elite Skirmisher
32:15 Horse Collar
33:39 Andean Sling
33:51 Thumb Ring
34:42 Heavy Plow
35:47 Hand Cart
36:27 Gold Shaft Mining
37:25 Caravan
38:04 Bodkin Arrow
38:25 Padded Archer Armor
39:08 Iron Casting
38:00 Crossbowman
40:28 Medium Warships
40:47 Ballistics
40:23 Murder Holes
45:37 Imperial Age
48:46 Chemistry
47:11 Elite Champi Warrior
48:50 Fabric Shields
54:14 Elite Kamayuk
55:44 Town Watch
57:03 Conscription
62:39 Arbalester
67:30 Bracer
TITAN
9:44 Feudal Age
8:04 Loom
11:20 Double-Bit Axe
17:27 Forging
17:23 Scale Barding Armor
25:04 Castle Age
23:40 Wheelbarrow
24:43 Padded Archer Armor
24:34 Fletching
25:37 Arson
25:54 Squires
25:14 Pikeman
26:13 Leather Archer Armor
25:54 Bodkin Arrow
25:41 Crossbowman
28:09 Horse Collar
29:09 Bow Saw
30:06 Iron Casting
29:39 Husbandry
45:57 Chain Barding Armor
45:38 Scale Mail Armor
49:55 Imperial Age
51:19 Arbalester
51:22 Man-at-Arms
69:06 Caravan
Connection lost

Rejoining the realm…

Still unreachable

The connection could not be restored.

Session expired

The server has moved on; the page needs a fresh start.